 Dungeon Crawl Stone Soup version 0.29-a0-275-g389c0b56f3 (webtiles) character file.

Game seed: 1052665831240169465

72 PaleWalker the Magician (level 4, -1/33 HPs)
             Began as a Djinni Fire Elementalist on Mar 10, 2022.
             Slain by Grinder (9 damage)
             ... on level 3 of the Dungeon.
             The game lasted 00:05:41 (2285 turns).

PaleWalker the Magician (Djinni Fire Elementalist)  Turns: 2285, Time: 00:05:41

Health: -1/33      AC:  3    Str: 13    XL:     4   Next: 48%
Gold:   71         EV: 12    Int: 18    God:
                   SH:  0    Dex: 14

rFire   + + .      SeeInvis .   e - +0 rapier
rCold   x . .      Faith    .   (no shield)
rNeg    . . .      Spirit   .   a - +0 robe
rPois   ∞          Reflect  .   (no helmet)
rElec   .          Harm     .   g - +0 cloak
rCorr   .          Rampage  .   (no gloves)
Will    .....                   (boots unavailable)
Stlth   ++........              (no amulet)
HPRegen 0.11/turn               d - +6 ring of strength
MPRegen 0.00/turn               (no ring)

@: flying
A: sickness immunity, fire resistance 2, cold vulnerability 1, float, innate
caster, HP casting, extra vitality 1
a: no special abilities


You were on level 3 of the Dungeon.
You visited 1 branch of the dungeon, and saw 3 of its levels.

You collected 71 gold pieces.

Inventory:

Hand Weapons
 e - a +0 rapier (weapon)
Armour
 a - a +0 robe (worn)
 g - a +0 cloak (worn)
Jewellery
 d - a +6 ring of strength (left hand)
Scrolls
 b - a scroll of noise {unknown}
 f - 2 scrolls of enchant armour {unknown}
 h - a scroll of magic mapping {unknown}
Potions
 c - a potion of attraction {unknown}
 i - a potion of lignification {unknown}


   Skills:
 + Level 1.9 Fighting
 - Level 2.1 Dodging
 - Level 1.5 Stealth
 * Level 3.4 Spellcasting


You couldn't memorise any spells.
You knew the following spells:

 Your Spells              Type           Power      Damage    Failure   Level
a - Foxfire               Conj/Fire      60%        2x1d7     3%          1
b - Scorch                Fire           30%        2d6       5%          2
c - Conjure Flame         Conj/Fire      15%        6-21      11%         3
d - Inner Flame           Hex/Fire       15%        N/A       11%         3
e - Flame Wave            Conj/Fire      15%        2d6       36%         4
f - Magic Dart            Conj           60%        1d6       3%          1
Your spell library was empty.

Dungeon Overview and Level Annotations

Branches:
Dungeon (2/15)

Altars:

Annotations:
D:3 Grinder


Innate Abilities, Weirdness & Mutations

You are immune to sickness and miasma.
You are immune to poison.
Your flesh is very heat resistant. (rF++)
You are vulnerable to cold. (rC-)
You float through the air rather than walking.
You learn spells naturally, not from books.
Your magical power is your life essence.
You have superior vitality. (+4 MHP)


Message History

Confirm with . or Enter, or press ? or * to list all spells.
Flames lash the orc.
You kill the orc!
The gnoll hits you with a +0 whip!
Unknown command.
Casting: Scorch (safe; 6% risk of failure)
Confirm with . or Enter, or press ? or * to list all spells.
Flames lash the gnoll.
You kill the gnoll!
Grinder comes into view.
You reach down and open the door.
Grinder shouts!
Grinder says, "Are you a fish?"
Found a book of Decay and 6 gold pieces.
There is an open door here.
Your magical contamination has completely faded away.
Found a ruby potion.
An endoplasm comes into view.
Casting: Scorch (safe; 5% risk of failure)
Confirm with . or Enter, or press ? or * to list all spells.
Flames lash Grinder.
Grinder is lightly wounded.
Grinder's fire resistance burns away.
The endoplasm quivers.
The endoplasm hits you but does no damage.
Casting: Scorch (safe; 5% risk of failure)
Confirm with . or Enter, or press ? or * to list all spells.
Flames lash Grinder.
Grinder is burned terribly!
Grinder is moderately wounded.
The endoplasm hits you.
Casting: Scorch (safe; 5% risk of failure)
Confirm with . or Enter, or press ? or * to list all spells.
Flames lash Grinder.
Grinder is burned terribly!
Grinder is severely wounded.
The endoplasm freezes you.
You are frozen.
You feel a terrible chill!
* * * LOW HITPOINT WARNING * * *
Grinder says, "You look like you could use a good racking."
Grinder hits you!
You die...

#######
#$:#..#
#!...##
#.@..# #
#J#5## #.
###..#
#..#.##'#
#...))..#
#########


You could see Grinder (combustible) and an endoplasm.

Vanquished Creatures
  2 adders (D:2)
  A gnoll (D:3)
  A dart slug (D:1)
  4 orcs
  5 endoplasms
  A giant cockroach (D:1)
  A goblin (D:1)
  A hobgoblin (D:2)
  4 jackals (D:1)
  3 kobolds
  2 quokkas (D:1)
  5 ball pythons
  A bat (D:1)
  2 frilled lizards (D:1)
  3 rats
36 creatures vanquished.

Vanquished Creatures (others)
  97 foxfires
97 creatures vanquished.

Grand Total: 133 creatures vanquished

Notes
Turn   | Place    | Note
-------+----------+-------------------------------------------
     0 | D:1      | PaleWalker the Djinni Fire Elementalist began the quest for
                  | the Orb.
     0 | D:1      | Reached XP level 1. HP: 15/15 MP: 0/0
   266 | D:1      | Reached XP level 2. HP: 19/22 MP: 0/0
   424 | D:1      | Found a faded altar of an unknown god.
   568 | D:1      | Reached skill level 1 in Fighting
  1061 | D:1      | Reached skill level 3 in Spellcasting
  1061 | D:1      | Reached XP level 3. HP: 16/27 MP: 0/0
  1061 | D:1      | Learned a level 1 spell: Magic Dart
  1795 | D:2      | Reached XP level 4. HP: 25/32 MP: 0/0
  2271 | D:2      | You are sucked into a shaft and drop 1 floor!
  2277 | D:3      | Noticed Grinder
  2285 | D:3      | Slain by Grinder

Illustrated notes

Levels and vault maps discovered:
D:1:      minmay_arrival_shoal_huts, layout_basic,
          chequers_ecumenical_altar_simple_redux,
          chequers_serial_rivers_large_b, wad_floor_pattern_untrapped,
          minmay_misc_feat_ornament
D:2:      layout_basic, hex_medium
D:3:      minmay_wonky_spiral, layout_loops_ring,
          nicolae_elyvilon_peaceful_grove, uniq_grinder

Skill      XL: |  1  2 |
---------------+-------+-----
Fighting       | 1 |  1.9
Spellcasting   | 3 |  3.4
Dodging        | |  2.1
Stealth        | |  1.5

Action                   |  1- 3 |  4- 6 || total
-------------------------+-------+-------++-------
Melee: Unarmed           |     5 |       ||     5
       Rapier            |     7 |     3 ||    10
 Cast: Foxfire           |    43 |    13 ||    56
       Magic Dart        |     4 |     1 ||     5
       Scorch            |       |     7 ||     7
 Stab: Sleeping          |     1 |       ||     1
Armor: Robe              |     7 |     1 ||     8
Dodge: Dodged            |    31 |     2 ||    33

Table legend: (Time is in decaauts)
 A = Elapsed time spent in this place.
 B = Non-inter-level travel time spent in this place.
 C = Inter-level travel time spent in this place.
 D = Time resting spent in this place.
 E = Time spent auto-exploring this place.
 F = Levels seen in this place.
 G = Mean time per level.
                   A        B        C        D        E       F      G
               +--------+--------+--------+--------+--------+-----+--------+
         Total |   2285 |   2259 |     26 |    336 |   1657 |   3 |  761.7 |
       Dungeon |   2285 |   2259 |     26 |    336 |   1657 |   3 |  761.7 |
               +--------+--------+--------+--------+--------+-----+--------+

Top non-repeatable levels by time:
     D:1: 1728 daAuts
     D:2: 542 daAuts
     D:3: 13 daAuts
